[Event "*** Titled Tuesday Blitz"]
[Site "Chess.com"]
[Date "2020.11.03"]
[Round "5"]
[White "emiliochess"]
[Black "ethylalcohol"]
[Result "1-0"]
[WhiteElo "2254"]
[BlackElo "2087"]
[TimeControl "180+1"]
[EndTime "11:00:13 PST"]
[Termination "emiliochess won by resignation"]

1. d4 Nf6 2. Bf4 g6 3. e3 Bg7 4. Nf3 d6 5. Be2 b6 6. h3 Bb7 7. O-O O-O 8. c4 c5 9. Nc3 Nbd7 10. Bh2 Rc8 11. a4 Ne4 12. Nxe4 Bxe4 13. Rc1 Qc7 14.
b3 e5 15. d5 Bxf3 16. Bxf3 f5 17. e4 Nf6 18. Qd3 fxe4 19. Bxe4 Nxe4 20. Qxe4 Rf5 21. f4 Bh6 22. g4 Rxf4 23. Bxf4 Bxf4 24. Rxf4 exf4 25.
Qxf4 Rf8 26. Qe3 Qf7 27. Re1 Qf3 28. Qe6+ Kh8 29. Qe3 Qf6 30. Kg2 Qb2+ 31. Re2 Qa1 32.
Rf2 Rxf2+ 33. Qxf2 Kg7 34. Qe2 Qf6 35. Qe3 Qb2+ 36.
Kg3 Qf6 37. g5 Qf7 38. Qc3+ Kg8 39. h4 Qf5 40. Qe3 Kf7 41. Qe2 Qd7 42. Qf3+ Kg8 43. Qf6 Qc7 44. Qe6+ Kg7 45. h5 gxh5 46. Kh4 Qf7 47.
Qh6+ Kg8 48. Qxh5 Qf4+ 49. Qg4 Qh2+ 50. Qh3 Qf4+ 51. Kh5 Qf7+ 52. Kg4 Qd7+ 53. Kh4 Qxh3+ 54. Kxh3 Kf7 55. Kg3 Kg7 56. Kf3 Kf7 57. Kf4 Kg6 58. Kg4 Kg7 59. Kh4 Kf7 60. Kh5 Kg7 61. Kg4 Kg6 62.
Kf4 Kg7 63. Kf5 Kf7 64. a5 bxa5 65. Kf4 Kg6 66. Kg4 Kg7 67. Kh5 Kf7 68. Kh6 Kg8 69. g6 hxg6 70. Kxg6 Kf8 71. Kf6 Ke8 72. Ke6 Kd8 73.
Kxd6 a4 74. bxa4 a5 75. Kxc5 Kc7 76. Kb5 Kd6 77. Kxa5 Kc5 78. Ka6 1-0

[Event "*** Titled Tuesday Blitz"]
[Site "Chess.com"]
[Date "2020.11.03"]
[Round "5"]
[White "Snegokhod"]
[Black "Kaua18"]
[Result "0-1"]
[WhiteElo "2466"]
[BlackElo "2328"]
[TimeControl "180+1"]
[EndTime "11:00:14 PST"]
[Termination "Kaua18 won by resignation"]

1. e4 c5 2. Nf3 Nc6 3. d4 cxd4 4. Nxd4 Nf6 5. Nc3 e5 6. Nxc6 bxc6 7. Bc4 Bb4 8. O-O O-O 9. Qe2 Re8 10. Bg5 h6 11.
Bh4 Bxc3 12. bxc3 d6 13. Rad1 Qe7 14. Bb3 Bb7 15. Rd3 Ba6 16. c4 Rad8 17. Rfd1 g5 18. Bg3 Nh7 19. f3 Nf8 20. Qd2 Ne6 21. Rxd6 Nd4 22.
Rxd8 Rxd8 23. Qe1 Rb8 24. Bf2 c5 25. Qa5 Rb6 26. h3 Kg7 27. c3 Ne6 28. Rd5 Bb7 29. Rxe5 Qd6 30. Rd5 Bxd5 31. cxd5 Nf4 32. Bxc5 Qf6 33.
Bd4 Ne2+ 34. Kh2 Nxd4 35. cxd4 Qxd4 36. Qe1 Qe5+ 37. Qg3 Qxg3+ 38. Kxg3 Kf6 39. Kf2 Ke5 40. Ke3 Rb4 41. g3 f6 42. f4+ gxf4+ 43. gxf4+ Kd6 44.
Kf3 a5 45. Kg4 a4 46. Bc2 Rc4 47. Bd3 Rc3 48. Bb5 Ra3 49. Kf5 Rxh3 50. Bxa4 Rg3 51. Kxf6 h5 52. Bc6 h4 53. e5+ Kc7 54. e6 h3 55. e7 Re3 56. Ba8 h2 57. d6+ Kxd6 58. a4 Rxe7 59. f5 Ra7 60. Bf3 Rxa4 61. Kg6 Rf4 62. Bg2 Ke5 63. Bb7 Rxf5 64. Kh6 Rf1 65. Kg5 h1=Q 66. Bxh1 Rxh1 67. Kg4 Rf1 0-1

[Event "*** Titled Tuesday Blitz"]
[Site "Chess.com"]
[Date "2020.11.03"]
[Round "5"]
[White "Flopezin"]
[Black "Ausbildung"]
[Result "1-0"]
[WhiteElo "2364"]
[BlackElo "2232"]
[TimeControl "180+1"]
[EndTime "11:00:15 PST"]
[Termination "Flopezin won by checkmate"]

1. c4 g6 2. e4 Bg7 3. d4 d6 4. Nc3 Nc6 5. Nf3 e5 6. d5 Nce7 7. Be2 f5 8. exf5 Nxf5 9. O-O Nf6 10. Bg5 O-O 11. Ne4 Rf7 12. Nfd2 Qf8 13. Nxf6+ Bxf6 14. Bxf6 Rxf6 15. Bg4 Nd4 16. Bxc8 Qxc8 17. Nb3 Nf5 18.
c5 Qd7 19. Rc1 Raf8 20. Kh1 Qa4 21. cxd6 cxd6 22. Qd3 Qf4 23. f3 R6f7 24. Rc4 Qe3 25. Rd1 Qf2 26. Qd2 Qb6 27. Rdc1 Ne3 28. Rc8 Nf5 29.
R8c4 Qa6 30. a3 Ne7 31. Qa5 Qxa5 32. Nxa5 b6 33. Nc6 Nxd5 34. R4c2 Rd7 35. b4 Nf4 36. Rd1 Rf6 37. Nxe5 Re7 38. Nc4 d5 39. Nb2 Rd7 40. Kg1 d4 41. Rcd2 Rfd6 42. Kf2 Kg7 43. Nc4 Rd5 44.
g3 b5 45. Nb2 Ne6 46. Nd3 Kf6 47. Rc1 Rc7 48. Rxc7 Nxc7 49. Rc2 Ne6 50. f4 Kf5 51. Rc6 g5 52. Kf3 g4+ 53. Kf2 Ke4 54. Nb2 Kf5 55.
Nd3 h5 56. Ke2 Rd7 57. Ne5 Rd5 58. Kd3 Rd8 59. Ra6 Nxf4+ 60. gxf4 Kxf4 61. Ng6+ Kg5 62. Ne7 h4 63. Rg6+ Kh5 64. Rg7 h3 65. Nf5 a6 66.
Ng3+ Kh4 67. Rh7+ Kg5 68. Rh5+ Kf4 69. Rf5# 1-0

[Event "*** Titled Tuesday Blitz"]
[Site "Chess.com"]
[Date "2020.11.03"]
[Round "5"]
[White "AndrewMaco"]
[Black "Zhigalko_Sergei"]
[Result "0-1"]
[WhiteElo "2661"]
[BlackElo "2907"]
[TimeControl "180+1"]
[EndTime "11:00:16 PST"]
[Termination "Zhigalko_Sergei won by resignation"]

1. e4 c5 2. Nf3 Nc6 3. Bb5 Nf6 4.
Bxc6 dxc6 5. d3 Bg4 6. Nbd2 Qc7 7.
h3 Bh5 8. Nf1 e6 9. Ng3 Bg6 10. e5 Nd5 11. Qe2 c4 12. dxc4 Bb4+ 13. Kf1 Nb6 14. Kg1 Nd7 15. Kh2 h5 16. Bg5 a5 17. c3 Bc5 18. Rhe1 Qb6 19. Kg1 a4 20. Rad1 Qc7 21. Rd2 O-O 22. Red1 Nb6 23. b4 Be7 24.
Bxe7 Qxe7 25. Rd6 a3 26. c5 Nd5 27. Qd2 h4 28. Nf1 Ra4 29. Ne3 Bh5 30. Ng4 Bxg4 31. hxg4 f6 32. exf6 Qxf6 33. Qg5 Nxc3 34. Qxf6 gxf6 35. Ra1 Rxb4 36. Rxe6 Rxg4 37. Re3 Nb5 38.
Rd1 Kg7 39. Kh2 Rf7 40. Kh3 Rf4 41. Nxh4 Rxf2 42. Rg3+ Kh7 43. Rd8 Rxa2 44. Nf5 Rb2 45. Kh2 Rc2 46. Rh3+ Kg6 47. Nh4+ Kg5 48. Rg8+ Kf4 49.
Rf3+ Ke4 50. Rg4+ Kd5 51. Nf5 Kxc5 52. Ra4 Kb6 53. Ne3 Rh7+ 54. Kg3 Rc3 55. Nc4+ Kc5 56. Rxc3 Nxc3 57. Rxa3 Kxc4 58. Kf3 Nd5 59. Ra8 b5 60. Re8 b4 61. Re6 c5 62. Ke4 Nc3+ 63. Kf5 b3 64. Kxf6 b2 65. g4 b1=Q 66. g5 Rh8 67. g6 Nd5+ 68. Kg7 Qb2+ 69. Kf7 Qb7+ 0-1

[Event "*** Titled Tuesday Blitz"]
[Site "Chess.com"]
[Date "2020.11.03"]
[Round "5"]
[White "Mr_Sinigami"]
[Black "Nikolakis2014"]
[Result "1-0"]
[WhiteElo "2513"]
[BlackElo "2732"]
[TimeControl "180+1"]
[EndTime "11:00:16 PST"]
[Termination "Mr_Sinigami won by resignation"]

1. d4 Nf6 2. Nf3 g6 3. Bf4 Bg7 4. e3 O-O 5. h3 d6 6. Be2 Nbd7 7. O-O b6 8. a4 a5 9. Na3 Bb7 10. c3 Re8 11. Nd2 e5 12. Bh2 exd4 13. cxd4 Nd5 14. Bf3 Qb8 15. Nb5 N7f6 16. Rc1 Re7 17. Nc4 Nb4 18. Ncxd6 cxd6 19. Bxd6 Qd8 20. Bxe7 Qxe7 21. Rc7 Bxf3 22. Qxf3 Qe4 23. Rfc1 Rf8 24. Rc8 Nd3 25.
Rxf8+ Bxf8 26. Rc6 Qxf3 27. gxf3 Nd5 28. b3 Ne1 29. e4 Nf4 30. Rxb6 Nxf3+ 31. Kh1 Nd2 32. d5 Nxe4 33. d6 Nc5 34. Rc6 Nfe6 35. Nc7 Nd4 36.
Rxc5 Bxd6 37. Rd5 Nf5 38. Nb5 Bb4 39. Nd4 Nxd4 40. Rxd4 Kf8 41. Rd5 Ke7 42. Kg2 Ke6 43. Rb5 f5 44. Kf3 g5 45. Ke2 h5 46. f3 Kf6 47. Kd3 Ke6 48. Kd4 Be1 49. Ke3 Kf6 50.
Kd4 h4 51. Rb6+ Kg7 52. Ke5 f4 53. Kf5 Kf7 54. Kxg5 Ke7 55. Kxf4 Kd7 56. Rb5 Kc7 57.
Kg5 Kc6 58. f4 Bd2 59. Kg4 Kd6 60. f5 Ke7 61. Kxh4 Kf6 62. Kg4 Be3 63. h4 Kg7 64. h5 Kf6 65. Rd5 Bc1 66. Rxa5 Kf7 67. Rb5 Kf6 68.
a5 Be3 69. a6 1-0

[Event "*** Titled Tuesday Blitz"]
[Site "Chess.com"]
[Date "2020.11.03"]
[Round "5"]
[White "Michaelson_11"]
[Black "martynkovaelena"]
[Result "1-0"]
[WhiteElo "2152"]
[BlackElo "2262"]
[TimeControl "180+1"]
[EndTime "11:00:16 PST"]
[Termination "Michaelson_11 won on time"]

1. e4 c5 2. Nf3 e6 3. d4 cxd4 4.
Nxd4 Nc6 5. Nc3 Qc7 6. Be3 a6 7. a3 Nf6 8. f4 d6 9. Qf3 Be7 10.
O-O-O O-O 11. h3 Bd7 12. g4 Nxd4 13. Bxd4 e5 14. Be3 Bc6 15. g5 Nd7 16. f5 f6 17.
g6 hxg6 18. fxg6 f5 19. Qh5 Nf6 20. Qxf5 Qc8 21. Bc4+ Kh8 22. Be6 Bd7 23. Bxd7 Qxd7 24. Qxd7 Nxd7 25. Nd5 Bd8 26. Rhf1 Kg8 27. h4 Rxf1 28.
Rxf1 Bxh4 29. Rf7 Rd8 30. Nb6 Nf8 31. Rxb7 Nxg6 32. Nd5 Bg3 33. Bg5 Rf8 34. Rb6 Bf4+ 35. Bxf4 exf4 36. Rxd6 Ne5 37. Re6 Nc4 38. Rc6 Ne5 39.
Re6 Nd7 40. Kd2 Nc5 41. Rc6 Nxe4+ 42. Kd3 Nf2+ 43. Ke2 Ne4 44. Kf3 Ng5+ 45. Kg4 Nh7 46. Ne7+ Kf7 47. Ng6 Rd8 48. Nxf4 Nf6+ 49. Kf5 g6+ 50.
Nxg6 Rd2 51. Rc7+ Ke8 52. Kxf6 Rf2+ 53. Kg7 Kd8 54. Rc6 Kd7 55. Rxa6 Rxc2 56. Rb6 Kc7 57. Rb4 Kc6 58. Kf6 Rf2+ 59. Ke6 Re2+ 60. Ne5+ Kc5 61. Rb8 Re3 62. a4 Kd4 63. Rb5 Re2 64. a5 Re1 65. a6 1-0

[Event "*** Titled Tuesday Blitz"]
[Site "Chess.com"]
[Date "2020.11.03"]
[Round "5"]
[White "Duhless"]
[Black "joppie2"]
[Result "1/2-1/2"]
[WhiteElo "2998"]
[BlackElo "2871"]
[TimeControl "180+1"]
[EndTime "11:00:21 PST"]
[Termination "Game drawn - insufficient material"]

1. d4 Nf6 2. Nf3 g6 3. Bg5 Bg7 4. Nbd2 d5 5. e3 O-O 6. Be2 c5 7. c3 b6 8. O-O Bb7 9. a4 Nc6 10. h3 Re8 11. Bf4 Nd7 12. Bh2 e5 13. dxe5 Ndxe5 14. Nxe5 Nxe5 15. Nf3 Nc4 16. Qc2 Qe7 17. Rfe1 Rad8 18. Rad1 h6 19. Bf1 Qe6 20. Bf4 Bc6 21. Bg3 Nd6 22. Bxd6 Rxd6 23. Bb5 Bxb5 24. axb5 Qd7 25.
Qb3 Bf6 26. Re2 Rc8 27. e4 dxe4 28. Rxd6 Qxd6 29. Rxe4 Kg7 30. Qc4 Rd8 31. g3 Qd5 32. Kg2 Qxc4 33. Rxc4 Rd1 34. Ra4 Rb1 35. Ra2 Rc1 36.
Nd2 Rc2 37. Ne4 Be5 38. Rxa7 Rxb2 39. Re7 Bf6 40. Rb7 Re2 41. Nxf6 Kxf6 42. Rxb6+ Ke5 43. Rb7 Rb2 44. Rxf7 Rxb5 45. h4 Rb3 46. Rf3 g5 47.
hxg5 hxg5 48. Kh3 Ke4 49. Kg4 Rb2 50. Re3+ Kd5 51. f3 Rg2 52. Re4 Rc2 53. Re3 Rg2 54.
Kxg5 Rxg3+ 55. Kh4 Rg8 56. f4 Rh8+ 57. Kg5 Rg8+ 58.
Kh5 Rf8 59. Kg4 Rg8+ 60. Kf3 Rf8 61. Re5+ Kc4 62. Ke4 Rc8 63. f5 Kxc3 64. f6 c4 65. Kd5 Kd2 66. f7 c3 67. Re8 Rxe8 68. fxe8=Q c2 69. Qa4 c1=Q 70. Qf4+ Kc2 71. Qxc1+ Kxc1 1/2-1/2

[Event "*** Titled Tuesday Blitz"]
[Site "Chess.com"]
[Date "2020.11.03"]
[Round "5"]
[White "MasterKroket"]
[Black "JosefineHeinemann"]
[Result "0-1"]
[WhiteElo "2418"]
[BlackElo "2596"]
[TimeControl "180+1"]
[EndTime "11:00:21 PST"]
[Termination "JosefineHeinemann won by resignation"]

1. d4 Nf6 2. c4 g6 3. Nc3 d5 4.
cxd5 Nxd5 5. e4 Nxc3 6. bxc3 Bg7 7. Be3 c5 8. Qd2 Qa5 9. Nf3 O-O 10. Rc1 Nd7 11.
Be2 e5 12. d5 f5 13. exf5 gxf5 14. c4 Qxd2+ 15. Bxd2 h6 16. a4 e4 17. Nh4 Ne5 18. f4 Nd7 19. Bc3 Bd4 20. Ng6 Rf6 21.
Ne5 Ra6 22. Bd1 Be3 23. Bd2 Bd4 24. Bc3 Rf6 25. Bxd4 cxd4 26. c5 Kg7 27. Bb3 Ra6 28. g4 fxg4 29. Rg1 h5 30. h3 Nf6 31. d6 Bf5 32. hxg4 Nxg4 33. Rc4 d3 34. Nxg4 hxg4 35. Bd1 Kf6 36. Bxg4 Bxg4 37. Rxg4 Rh8 38. d7 e3 39. Rg1 Ke7 40. Rd4 Kd8 41. Rxd3 Rxa4 42. Rf1 Ra1+ 43. Rd1 Rxd1+ 44. Kxd1 Kxd7 45. Ke2 Kc6 46. Rc1 Re8 47. f5 Rf8 48. Kxe3 Rxf5 49. Kd4 Rd5+ 50. Ke4 Rxc5 51. Ra1 a6 52. Kd4 Rc2 53. Rh1 b6 54. Kd3 Rc5 55. Rh6+ Kb5 56. Kd2 a5 57. Rg6 a4 58.
Kd3 Ka5 59. Rg8 b5 60. Rg4 b4 61. Rg8 a3 62. Ra8+ Kb5 63. Kd4 Rc3 64. Ra7 Rc6 65. Ra8 Rc2 66. Ra7 a2 67. Kd3 b3 68. Rb7+ Ka4 69. Ra7+ Kb4 70. Rb7+ Ka3 71. Rb8 Kb2 72. Ra8 a1=Q 73. Ra2+ Qxa2 0-1

[Event "*** Titled Tuesday Blitz"]
[Site "Chess.com"]
[Date "2020.11.03"]
[Round "5"]
[White "kflorian98"]
[Black "Balla_Tamas"]
[Result "1/2-1/2"]
[WhiteElo "2755"]
[BlackElo "2507"]
[TimeControl "180+1"]
[EndTime "11:00:22 PST"]
[Termination "Game drawn - insufficient material"]

1. e4 d5 2. exd5 Qxd5 3. Nc3 Qd6 4. d4 Nf6 5. Nf3 c6 6. Ne5 Nbd7 7. Nc4 Qc7 8. Qf3 Nb6 9. Bf4 Qd7 10. Nxb6 axb6 11. O-O-O Qg4 12. Be2 Qxf3 13. Bxf3 Bg4 14. d5 Bxf3 15.
gxf3 Nxd5 16. Nxd5 cxd5 17. Rxd5 Rxa2 18. Kb1 Ra5 19. Rhd1 Rxd5 20. Rxd5 e6 21. Rb5 Bc5 22. Be3 Bxe3 23. fxe3 Kd7 24. Rxb6 Kc7 25. Rb4 Rd8 26. Kc1 Rd5 27. Rc4+ Kb6 28. Rf4 f6 29. Re4 e5 30.
Rh4 h6 31. b3 Kc6 32. Rc4+ Kd7 33. Rb4 Kc6 34. Ra4 Kc7 35. h4 f5 36. e4 fxe4 37.
Rxe4 Kd6 38. Rg4 g5 39. hxg5 hxg5 40. Rxg5 Rd4 41. Rg6+ Kc5 42. Rg7 b5 43. Rf7 b4 44.
Kb2 Rd2 45. Rc7+ Kb5 46. Rc4 Rf2 47. Re4 Rxf3 48. Rxe5+ Kb6 49. Kc1 Rf2 50. Kd1 Rh2 51. Re2 Rh3 52. Kd2 Kc5 53. Re3 Rh2+ 54. Kd3 Rh4 55. Re5+ Kb6 56. Re4 Rh3+ 57. Kd4 Rc3 58. Re2 Kb5 59. Rh2 Kb6 60. Kd5 Kb5 61. Kd6 Kb6 62.
Rg2 Kb5 63. Rg5+ Kb6 64. Rg2 Kb5 65. Kd5 Kb6 66. Rg4 Rxc2 67. Rxb4+ Ka5 68. Rb8 Ka6 69.
Kd4 Ka7 70. Rb4 Rc6 71. Rc4 Rh6 72. Kc5 Kb7 73. Rd4 Rh5+ 74. Rd5 Rh6 75. b4 Rg6 76. b5 Rh6 77. Rd7+ Kb8 78. Kb4 Rg6 79. Ka5 Rf6 80. Rd5 Rg6 81. Rc5 Kb7 82. Rh5 Rf6 83. Rg5 Rh6 84. b6 Rh1 85. Rg7+ Kb8 86. Kb5 Rb1+ 87. Kc6 Rc1+ 88. Kd6 Rd1+ 89. Ke5 Re1+ 90. Kd4 Rd1+ 91. Kc3 Rb1 92. b7 Rxb7 93. Rxb7+ Kxb7 1/2-1/2

[Event "*** Titled Tuesday Blitz"]
[Site "Chess.com"]
[Date "2020.11.03"]
[Round "5"]
[White "PauloCesarCosta_sad"]
[Black "AlexSuv"]
[Result "1/2-1/2"]
[WhiteElo "2335"]
[BlackElo "2571"]
[TimeControl "180+1"]
[EndTime "11:00:22 PST"]
[Termination "Game drawn - insufficient material"]

1. Nf3 d5 2. d4 c5 3. c3 Nc6 4. e3 e6 5. Nbd2 f5 6. Bb5 Nf6 7. O-O Bd6 8. c4 O-O 9. Nb3 cxd4 10. c5 Bc7 11. exd4 Ne4 12. Re1 Bd7 13. Be3 f4 14. Bd2 Rf5 15. Bd3 Qf6 16. Bxe4 dxe4 17. Rxe4 Ne7 18. Ne5 Bc6 19. Nxc6 bxc6 20. Qf3 Nd5 21. Ba5 Bb8 22. Rae1 e5 23. Bc3 Nxc3 24. bxc3 Qe7 25. Rxf4 Rxf4 26. Qxf4 Bc7 27. Qe4 Rf8 28.
dxe5 Qe6 29. f4 Kh8 30. h3 a5 31. Nd4 Qc4 32. Nxc6 Qxc3 33. Qe3 Qc4 34. Nd4 Qxc5 35. Ne6 Qxe3+ 36. Rxe3 Rf7 37. Nxc7 Rxc7 38. Kf2 Kg8 39. Kf3 Kf7 40. Ke4 Rc4+ 41. Kf3 Ke6 42. Rd3 h5 43. g3 Ra4 44. a3 Rc4 45. g4 h4 46. Re3 a4 47.
f5+ Kd5 48. e6 Rc8 49. Kf4 Rh8 50. Kg5 Kd6 51. Kg6 Ke7 52. Kxg7 Rf8 53. Kg6 Rf6+ 54. Kg5 Rf8 55. Kf4 Rc8 56. Rd3 Rc4+ 57. Kf3 Kf6 58. Rd7 Rc3+ 59. Ke4 Rc4+ 60. Kd5 Rc3 61. Rf7+ Kg5 62. Rg7+ Kf6 63. Ra7 Rd3+ 64. Kc6 Rxa3 65. Kb5 Rxh3 66. Rxa4 Rg3 67. g5+ Kxf5 68. e7 Re3 69.
Rxh4 Rxe7 70. Rh1 Kxg5 71. Rg1+ Kf5 72. Rc1 Ke6 73. Rc5 Kf7 74. Rc6 Re6 75. Kb6 Rxc6+ 76. Kxc6 1/2-1/2

[Event "*** Titled Tuesday Blitz"]
[Site "Chess.com"]
[Date "2020.11.03"]
[Round "5"]
[White "Airquake"]
[Black "Jumbo"]
[Result "1-0"]
[WhiteElo "2624"]
[BlackElo "2835"]
[TimeControl "180+1"]
[EndTime "11:00:25 PST"]
[Termination "Airquake won by resignation"]

1. e4 c5 2. Nf3 e6 3. Nc3 Nc6 4. g3 d5 5. Bg2 Nf6 6. exd5 exd5 7. O-O d4 8. Re1+ Be7 9. Ne4 Nxe4 10.
Rxe4 d3 11. cxd3 O-O 12. Ne5 Nd4 13. b3 Bf6 14. Bb2 Bf5 15. Re3 Qc7 16. f4 Rad8 17. Rc1 Qb6 18. Ba3 Rc8 19. g4 Bxe5 20. Rxe5 Bxd3 21. Bxc5 Ne2+ 22. Kf2 Qf6 23. Rxe2 Qxf4+ 24.
Kg1 Rxc5 25. Rxc5 Qd4+ 26. Re3 Qxc5 27. Bxb7 h6 28. Qe1 Qd4 29. h3 f5 30. Kh2 f4 31.
Rf3 Kh8 32. Qf2 Qd7 33. Rxf4 Rxf4 34. Qxf4 Qxb7 35. Qd6 Bh7 36. d3 Bg8 37. d4 Qd5 38. Qxd5 Bxd5 39. Kg3 Kg8 40. Kf4 Kf7 41. Ke5 Bg2 42.
h4 Ke7 43. g5 h5 44. a3 Bh3 45.
b4 Kd7 46. a4 Bf1 47. d5 Bd3 48. Kd4 Bc2 49. a5 a6 50. Kc5 Ba4 51. Kb6 Bb5 52.
Kc5 Kc7 53. d6+ Kd7 54. Kd5 Ba4 55. Kc5 Bc6 56. Kb6 Bb5 57. Kc5 g6 58. Kd5 Bc6+ 59.
Kc5 Bf3 60. Kb6 Be2 61. Kc5 Ke6 62. Kc6 Bb5+ 63. Kc7 Bd7 64. Kb6 Kxd6 65. Kxa6 Kc7 66. b5 Bc8+ 67. Ka7 Kd6 68. b6 Ke5 69. a6 1-0

[Event "*** Titled Tuesday Blitz"]
[Site "Chess.com"]
[Date "2020.11.03"]
[Round "5"]
[White "almo64"]
[Black "Neftegor"]
[Result "1-0"]
[WhiteElo "2685"]
[BlackElo "2453"]
[TimeControl "180+1"]
[EndTime "11:00:26 PST"]
[Termination "almo64 won on time"]

1. e4 e5 2. Nc3 Nf6 3. Bc4 Nc6 4. d3 Na5 5. Bb3 c6 6. Bg5 Nxb3 7. axb3 d6 8. Nf3 Be7 9. d4 Qc7 10. O-O O-O 11. h3 h6 12. Bh4 Re8 13. Re1 Nh7 14. Bg3 Bf6 15. d5 Nf8 16. Qd3 c5 17. Nb5 Qb6 18. Nd2 Bd7 19. Nc3 Ng6 20. f3 a6 21.
Bf2 Qc7 22. Ne2 Bg5 23. Kh2 b5 24. g3 Rec8 25. h4 Be7 26. c3 Rf8 27. h5 Nh8 28. g4 Bg5 29. Be3 f6 30. Bf2 Nf7 31. Kg2 Bxd2 32.
Qxd2 Ng5 33. Ng3 a5 34. b4 Nf7 35. bxa5 Rxa5 36. b4 Ra4 37. bxc5 dxc5 38. d6 Qc6 39. Rxa4 bxa4 40. Rd1 Ra8 41. Qa2 Ra6 42. Nf5 Bxf5 43. gxf5 Ra7 44. Qe6 Rd7 45. Bxc5 Rd8 46. Bb4 Qb5 47.
Rd2 a3 48. Bxa3 Qb1 49. Bb4 Qe1 50. Qd5 Qh4 51. Qe6 Qg5+ 52. Kh3 Qf4 53. Rg2 Qxf3+ 54.
Rg3 Qxh5+ 55. Kg2 Qe2+ 56. Kg1 Qe1+ 57. Kg2 Qe2+ 58. Kg1 Ra8 59. Rg2 Ra1+ 60. Kh2 Qh5+ 61. Kg3 Qg5+ 62. Kf3 Qf4+ 63. Ke2 Qf1+ 64. Ke3 Qxg2 65.
Kd3 Qf1+ 66. Kc2 Rc1+ 67. Kb3 Qd1+ 68. Kc4 Qe2+ 69. Kc5 Rd1 70. Qe8+ Kh7 71. d7 Qd3 72. Kc6 1-0

[Event "*** Titled Tuesday Blitz"]
[Site "Chess.com"]
[Date "2020.11.03"]
[Round "5"]
[White "gurelediz"]
[Black "Brave_spirit12"]
[Result "1-0"]
[WhiteElo "2703"]
[BlackElo "2493"]
[TimeControl "180+1"]
[EndTime "11:00:29 PST"]
[Termination "gurelediz won by checkmate"]

1. e4 e6 2. d4 d5 3. Nd2 c5 4.
exd5 exd5 5. Ngf3 Nc6 6. Bb5 Bd6 7. Qe2+ Ne7 8. O-O O-O 9. dxc5 Bxc5 10. Nb3 Bd6 11.
Bg5 f6 12. Bh4 Bg4 13. Bg3 a6 14. Bd3 Re8 15. Rfe1 Bxg3 16. hxg3 Ne5 17. Nbd4 N7c6 18. Qd2 Bxf3 19. Nxf3 Nxf3+ 20. gxf3 Qd6 21. Kg2 Ne5 22.
Rad1 Rad8 23. Qf4 g6 24. c3 Qb6 25. Bb1 Kg7 26. Rh1 h5 27. g4 Rh8 28. g5 Rhf8 29.
Rde1 Rde8 30. Qg3 Qd6 31. gxf6+ Rxf6 32. Rxh5 Rxf3 33. Qg5 Qf6 34. Qxf6+ Rxf6 35. Rhxe5 Ref8 36. R5e2 Rf4 37. Bc2 Rg4+ 38. Kh3 Rg5 39. Re7+ Kh6 40. R1e6 Rxf2 41. Re2 Rf3+ 42. Kh2 Rf4 43. R2e3 Rf2+ 44. Kh1 Rxc2 45. Rh3+ Rh5 46. Rxh5+ Kxh5 47. Rxb7 g5 48. Kg1 Kh4 49. Rb6 g4 50. a4 Kg3 51. Kf1 Rc1+ 52. Ke2 Kg2 53. Rxa6 g3 54. Kd3 Kf2 55. Rf6+ Kg1 56.
Rg6 g2 57. a5 Ra1 58. b4 Kf2 59. Kd4 Rc1 60. a6 Rb1 61. Rf6+ Ke2 62. Rg6 g1=Q+ 63.
Rxg1 Rxg1 64. b5 Rb1 65. a7 Ra1 66. b6 Ra4+ 67. Kxd5 Kd3 68. b7 Ra5+ 69. Kc6 Kc4 70. b8=Q Rc5+ 71. Kd6 Rd5+ 72. Ke6 Rc5 73. a8=Q Kxc3 74.
Qe4 Kd2 75. Qh2+ Kc3 76. Qhc2# 1-0

[Event "*** Titled Tuesday Blitz"]
[Site "Chess.com"]
[Date "2020.11.03"]
[Round "5"]
[White "Loy_Konstantin"]
[Black "GameOverBro"]
[Result "0-1"]
[WhiteElo "2369"]
[BlackElo "2532"]
[TimeControl "180+1"]
[EndTime "11:00:32 PST"]
[Termination "GameOverBro won by checkmate"]

1. e4 d6 2. d4 Nf6 3. Nc3 e5 4.
Nf3 Nbd7 5. Bc4 Be7 6. O-O c6 7. a4 h6 8. Re1 Qc7 9. Ba2 Nf8 10. dxe5 dxe5 11. Nd2 Ng6 12. Nf1 O-O 13. Ne3 a5 14. Nf5 Bc5 15. Be3 Bxe3 16. Rxe3 Bxf5 17. exf5 Nf4 18. g3 N4d5 19. Nxd5 cxd5 20. Bxd5 Rad8 21. c4 e4 22. Qd4 Rfe8 23. Rd1 Qd7 24. Qb6 Qxa4 25.
Rde1 Nxd5 26. cxd5 Rxd5 27. Qxb7 Rxf5 28. Rxe4 Rxe4 29.
Qxe4 Qxe4 30. Rxe4 Rb5 31. Re2 h5 32. h4 g6 33. Kg2 Kg7 34. Kf3 Rb3+ 35. Ke4 Kf6 36. Kd4 Kf5 37. Kc4 Rb4+ 38. Kc3 Kg4 39. Re7 f6 40. Re6 Kf5 41. Ra6 Ra4 42. b3 Ra2 43. f3 g5 44. hxg5 fxg5 45. Rh6 Rg2 46. Rxh5 Rxg3 47. Kc4 Rxf3 48. Rh8 g4 49. Ra8 g3 50. Rxa5+ Kg4 51. Ra8 Rf4+ 52. Kc5 Kf3 53. Ra1 Kf2 54. b4 g2 55. b5 Re4 56. b6 Re1 57. Rxe1 Kxe1 58.
b7 g1=Q+ 59. Kc6 Qg6+ 60. Kd7 Qf7+ 61. Kc8 Qc4+ 62. Kd7 Qd5+ 63. Kc7 Qc5+ 64. Kd7 Qb6 65.
Kc8 Qc6+ 66. Kb8 Kd2 67. Ka7 Qc7 68. Ka8 Qa5+ 69. Kb8 Kd3 70. Kc8 Qc5+ 71. Kd7 Qb5+ 72. Kc7 Qc5+ 73. Kd7 Qb6 74. Kc8 Qc6+ 75. Kb8 Kc4 76.
Ka7 Qa4+ 77. Kb6 Qb4+ 78. Kc7 Qc5+ 79. Kd7 Qb6 80. Kc8 Qc6+ 81. Kb8 Kb5 82. Ka7 Qc7 83. Ka8 Ka6 84. b8=Q Qc6+ 85. Qb7+ Qxb7# 0-1

[Event "*** Titled Tuesday Blitz"]
[Site "Chess.com"]
[Date "2020.11.03"]
[Round "5"]
[White "Flutaga"]
[Black "JoliyRoger"]
[Result "1-0"]
[WhiteElo "2004"]
[BlackElo "2361"]
[TimeControl "180+1"]
[EndTime "11:00:35 PST"]
[Termination "Flutaga won by checkmate"]

1. e4 c6 2. d4 d5 3. exd5 cxd5 4.
c3 Nc6 5. Bd3 g6 6. Ne2 Nh6 7.
O-O Bg7 8. Ng3 O-O 9. f4 Nf5 10.
Nxf5 Bxf5 11. Bxf5 gxf5 12. Qh5 e6 13. Nd2 Qf6 14.
Nf3 Qg6 15. Qh3 Bf6 16. Ne5 Bxe5 17. fxe5 Kh8 18. Rf3 f6 19. Rg3 Qf7 20. exf6 Qxf6 21. Bg5 Qf7 22. Qh4 Rae8 23. Rf1 Ne7 24. Rh3 Ng6 25.
Qh5 Kg8 26. Bh6 Kh8 27. Bxf8 Rxf8 28. Re3 Rg8 29. Kh1 Qf6 30. Rh3 Rg7 31. Re1 Kg8 32.
b3 b6 33. a4 Kh8 34. Rg3 Kg8 35. Rge3 Nf4 36. Qe8+ Qf8 37. Qxf8+ Kxf8 38. g3 Ng6 39. Rxe6 Rf7 40. Re8+ Kg7 41. R8e6 f4 42. gxf4 Nxf4 43. R6e3 Ng6 44. Rg3 h6 45. Rg2 Kh7 46. Kg1 Nh4 47. Rf2 Nf3+ 48. Kf1 Nxh2+ 49. Kg2 Rxf2+ 50. Kxf2 Ng4+ 51. Kf3 Nf6 52. Kf4 Kg6 53. Re6 Kf7 54. Rc6 Ne4 55. Rc7+ Ke6 56. c4 dxc4 57. Kxe4 Kd6 58. Rxa7 cxb3 59.
Kd3 h5 60. Rh7 b5 61. axb5 b2 62. Kc2 h4 63. Rxh4 Kd5 64. Kxb2 Kc4 65. b6 Kb5 66. b7 Kc6 67. b8=Q Kd7 68. Rh7+ Ke6 69. Qe8+ Kd5 70. Rd7+ Kc4 71. d5 Kd3 72. Qg6+ Kc4 73. Qg4+ Kc5 74. Rc7+ Kb6 75. Rc6+ Kb5 76. Qe2+ Ka5 77.
Qd2+ Ka4 78. Qc2+ Kb5 79. Qc5+ Ka4 80. Ra6# 1-0

[Event "*** Titled Tuesday Blitz"]
[Site "Chess.com"]
[Date "2020.11.03"]
[Round "5"]
[White "m_ezat"]
[Black "barriochess"]
[Result "1-0"]
[WhiteElo "2538"]
[BlackElo "2371"]
[TimeControl "180+1"]
[EndTime "11:00:36 PST"]
[Termination "m_ezat won by resignation"]

1. d4 d5 2. c4 e6 3. Nc3 c5 4.
cxd5 exd5 5. Nf3 Nc6 6. Bf4 Nf6 7. e3 c4 8. Be2 Bb4 9. Rc1 Ne4 10. O-O O-O 11.
Nxe4 dxe4 12. Ng5 h6 13. Nxe4 Re8 14. Nc3 Na5 15. Nb5 Re7 16. Bxc4 Nxc4 17. Rxc4 Ba5 18. Rc1 Be6 19. a3 a6 20. Nd6 Rd7 21. Nc4 Bc7 22. Bxc7 Rxc7 23. Ne5 Rac8 24. Qd2 Bd5 25. h3 b6 26. Rxc7 Qxc7 27. Nd3 Qb7 28. Nf4 Be4 29. f3 Bc6 30. Rc1 Rd8 31. Qc3 Bxf3 32. gxf3 Qxf3 33.
Qe1 g5 34. Ng2 Qxh3 35. Qf2 Rd7 36. Qf6 Rd5 37. Rc7 Qf5 38. Rxf7 Qxf6 39. Rxf6 Rb5 40. b4 Kg7 41. Rc6 a5 42. Rc4 a4 43. Ne1 Rf5 44.
Nd3 Rf3 45. Rc7+ Kg8 46. Re7 g4 47. Kg2 h5 48. Ne1 Rf5 49. Kg3 Rf1 50. Nd3 Rf3+ 51. Kh4 Rh3+ 52. Kg5 g3 53. Nf4 g2 54. Kg6 Rg3+ 55.
Kf6 h4 56. Nxg2 Rxg2 57. Re4 h3 58. Rh4 h2 59. e4 Ra2 60. e5 Rxa3 61. Rxh2 Rd3 62.
Rh4 a3 63. e6 a2 64. e7 Re3 65. Rh1 Rf3+ 66. Ke6 Re3+ 67. Kd7 Kf7 68. Rf1+ Kg7 69. Ra1 Kf7 70. Rf1+ Kg7 71. d5 b5 72. d6 Re4 73.
Ra1 1-0

[Event "*** Titled Tuesday Blitz"]
[Site "Chess.com"]
[Date "2020.11.03"]
[Round "5"]
[White "Rakhimzhan_Alen"]
[Black "Shuvalov"]
[Result "1-0"]
[WhiteElo "2618"]
[BlackElo "2438"]
[TimeControl "180+1"]
[EndTime "11:00:39 PST"]
[Termination "Rakhimzhan_Alen won on time"]

1. d4 d5 2. c4 c6 3. cxd5 cxd5 4. Bf4 Nc6 5. e3 Nf6 6. Nc3 a6 7. Bd3 Bg4 8. Nge2 e6 9. O-O Be7 10. h3 Bh5 11. Rc1 O-O 12. Na4 Nd7 13. a3 Bg6 14.
Bg3 Bxd3 15. Qxd3 Rc8 16. Rc2 Qa5 17. Nec3 b5 18. Nc5 Bxc5 19. dxc5 Nxc5 20. Qe2 b4 21. axb4 Nxb4 22. Rcc1 Nb3 23. Rcd1 Rfd8 24. Be5 f6 25. Bg3 e5 26. Qg4 Qb6 27. Na4 Qb5 28. Nc3 Qc4 29. Qe6+ Kh8 30. h4 Nc5 31. Qf5 Nbd3 32.
Nb1 Nxb2 33. Rd2 Nbd3 34. h5 h6 35. Qg6 Qe4 36. Nc3 Qxg6 37. hxg6 Nb4 38. Rfd1 d4 39. exd4 Nb3 40. Ne2 Nxd2 41. Rxd2 exd4 42. Nxd4 Nc6 43. Nf3 Rxd2 44. Nxd2 a5 45. Nc4 a4 46. Bd6 Nd4 47.
Nb6 Rc1+ 48. Kh2 Nb5 49. Bf4 a3 50. Bxc1 a2 51. Bb2 Na3 52. Nc4 Nc2 53. Nd2 a1=Q 54. Bxa1 Nxa1 55. Ne4 Nc2 56. Kg3 Nd4 57. Kf4 Kg8 58. g4 Ne6+ 59. Ke3 Nf8 60. f4 Nxg6 61. g5 f5 62. Nd6 hxg5 63. fxg5 Ne7 64. Kf4 g6 65.
Ke5 Kg7 66. Ke6 Nc6 67. Nxf5+ gxf5 68. Kxf5 Ne7+ 69. Kg4 Ng6 70. Kf3 Kf7 71. Kg4 Ke6 72. Kh5 Ke5 73. Kxg6 Ke6 74. Kh6 Kf7 75. Kh7 1-0